3L
CAPITAL DISTRICT RED KNIGHTS @ BUCKHEAD BOWTIES
08/29/2029
 
TOP OF THE 1ST
Capital District Red Knights batting - Pitching for Buckhead Bowties : RHP Martín Aguilar
Pitching: RHP Martín Aguilar
Batting: RHB Robert O'Connor 0-0: Ball
1-0: Foul Ball, location: 2F
1-1: Ball
2-1: Swinging Strike
2-2: Ball
3-2: Strikes out swinging
Batting: RHB Mario Álvarez 0-0: Ball
1-0: Called Strike
1-1: Foul Ball, location: 2F
1-2: Ball
2-2: Ball
3-2: Ground out 6-3 (Groundball, 6)
Batting: RHB Arnold Giroux 0-0: Foul Ball, location: 2F
0-1: Ground out 5-3 (Groundball, 56)
Top of the 1st over - 0 runs, 0 hits, 0 errors, 0 left on base; Capital District 0 - Buckhead 0
BOTTOM OF THE 1ST
Buckhead Bowties batting - Pitching for Capital District Red Knights : LHP Myles Wilkerson
Pitching: LHP Myles Wilkerson
Batting: RHB Kyle Vandenbrink 0-0: Ball
1-0: Swinging Strike
1-1: Ball
2-1: Ground out 6-3 (Groundball, 6D)
Batting: RHB Mike Burns 0-0: Ball
1-0: Ball
2-0: Ball
3-0: Called Strike
3-1: Base on Balls
Batting: RHB Mesa Altuve 0-0: Fly out, F8 (Flyball, 8RD)
Batting: RHB Vojtech Farkas 0-0: Foul Ball, location: 2F
0-1: Called Strike
0-2: Ground out 5-3 (Groundball, 56S)
Bottom of the 1st over - 0 runs, 0 hits, 0 errors, 1 left on base; Capital District 0 - Buckhead 0
TOP OF THE 2ND
Capital District Red Knights batting - Pitching for Buckhead Bowties : RHP Martín Aguilar
Batting: RHB Brandon Cole 0-0: Ground out 1-3 (Groundball, 15)
Batting: RHB Pedro Álvarez 0-0: Called Strike
0-1: Ball
1-1: Swinging Strike
1-2: Foul Ball, location: 2F
1-2: Ball
2-2: Strikes out swinging
Batting: RHB Steve Jones 0-0: Ball
1-0: Ball
2-0: Called Strike
2-1: Ball
3-1: Base on Balls
Batting: RHB José Paz 0-0: Ball
1-0: Called Strike
1-1: Called Strike
1-2: Fly out, F7 (Flyball, 78S)
Top of the 2nd over - 0 runs, 0 hits, 0 errors, 1 left on base; Capital District 0 - Buckhead 0
BOTTOM OF THE 2ND
Buckhead Bowties batting - Pitching for Capital District Red Knights : LHP Myles Wilkerson
Batting: RHB Freddy Carea 0-0: Ball
1-0: Ground out 1-3 (Groundball, 13)
Batting: RHB Todd Sentell 0-0: Ball
1-0: Called Strike
1-1: Foul Ball, location: 2F
1-2: Strikes out looking
Batting: RHB Al Thomas 0-0: Swinging Strike
0-1: Foul Ball, location: 2F
0-2: Foul Ball, location: 2F
0-2: Ball
1-2: Ball
2-2: Ball
3-2: Strikes out swinging
Bottom of the 2nd over - 0 runs, 0 hits, 0 errors, 0 left on base; Capital District 0 - Buckhead 0
TOP OF THE 3RD
Capital District Red Knights batting - Pitching for Buckhead Bowties : RHP Martín Aguilar
Batting: RHB Danilo Mosca 0-0: Called Strike
0-1: Ball
1-1: Ball
2-1: Ball
3-1: Fly out, F4 (Line Drive, 4)
Batting: LHB Arturo Hernández 0-0: Ball
1-0: Ground out 4-3 (Groundball, 4S)
Batting: RHB Robert O'Connor 0-0: Ground out 5-3 (Groundball, 25)
Top of the 3rd over - 0 runs, 0 hits, 0 errors, 0 left on base; Capital District 0 - Buckhead 0
BOTTOM OF THE 3RD
Buckhead Bowties batting - Pitching for Capital District Red Knights : LHP Myles Wilkerson
Batting: RHB Richard Jost 0-0: Ball
1-0: Foul Ball, location: 2F
1-1: Ball
2-1: Called Strike
2-2: Ball
3-2: Ground out 5-3 (Groundball, 5S)
Batting: LHB José Valéncia 0-0: Ball
1-0: SINGLE (Flyball, 34D)
Batting: RHB Kyle Vandenbrink 0-0: Called Strike
0-1: Fly out, F9 (Flyball, 89S)
Batting: RHB Mike Burns 0-0: Called Strike
0-1: Ball
1-1: Ball
2-1: Swinging Strike
2-2: Ground out 6-3 (Groundball, 6)
Bottom of the 3rd over - 0 runs, 1 hit, 0 errors, 1 left on base; Capital District 0 - Buckhead 0
TOP OF THE 4TH
Capital District Red Knights batting - Pitching for Buckhead Bowties : RHP Martín Aguilar
Batting: RHB Mario Álvarez 0-0: Called Strike
0-1: Ball
1-1: Ball
2-1: Swinging Strike
2-2: Ball
3-2: Base on Balls
Batting: RHB Arnold Giroux 0-0: Ball
1-0: Foul Ball, location: 2F
1-1: Ball
2-1: 2-RUN HOME RUN (Line Drive, 8LXD), Distance : 439 ft
Batting: RHB Brandon Cole 0-0: Called Strike
0-1: Foul Ball, location: 2F
0-2: Ball
1-2: Strikes out looking
Batting: RHB Pedro Álvarez 0-0: SINGLE (Line Drive, 5D)
Batting: RHB Steve Jones 0-0: Ball
1-0: Ball
2-0: Swinging Strike
2-1: Ball
3-1: Base on Balls
Pedro Álvarez to second
Batting: RHB José Paz 0-0: Fielders Choice at 2nd, 3-6 (Groundball, 3)
Pedro Álvarez to third
Batting: RHB Danilo Mosca 0-0: Called Strike
0-1: Ball
1-1: Ball
2-1: Called Strike
2-2: Ball
3-2: Base on Balls
José Paz to second
Batting: LHB Arturo Hernández 0-0: Swinging Strike
0-1: Swinging Strike
0-2: Ground out U3 (Groundball, 3L)
Top of the 4th over - 2 runs, 2 hits, 0 errors, 3 left on base; Capital District 2 - Buckhead 0
BOTTOM OF THE 4TH
Buckhead Bowties batting - Pitching for Capital District Red Knights : LHP Myles Wilkerson
Batting: RHB Mesa Altuve 0-0: Ball
1-0: Ball
2-0: SINGLE (Groundball, 6D)
Batting: RHB Vojtech Farkas 0-0: Foul Ball, location: 2F
0-1: Ball
1-1: Foul Ball, location: 2F
1-2: Grounds into double play, 6-4-3 (Groundball, 56)
Batting: RHB Freddy Carea 0-0: Swinging Strike
0-1: Foul Ball, location: 2F
0-2: SINGLE (Flyball, 7)
Batting: RHB Todd Sentell 0-0: Ball
1-0: Ground out U3 (Groundball, 3L)
Bottom of the 4th over - 0 runs, 2 hits, 0 errors, 1 left on base; Capital District 2 - Buckhead 0
TOP OF THE 5TH
Capital District Red Knights batting - Pitching for Buckhead Bowties : RHP Martín Aguilar
Batting: RHB Robert O'Connor 0-0: Ball
1-0: Ball
2-0: Ball
3-0: Swinging Strike
3-1: Base on Balls
Batting: RHB Mario Álvarez 0-0: Sac Bunt - play at first, batter OUT! U3
Robert O'Connor to second
Batting: RHB Arnold Giroux 0-0: Called Strike
0-1: SINGLE (Groundball, 56) (infield hit)
Robert O'Connor to third
Batting: RHB Brandon Cole 0-0: Ball
1-0: Foul Ball, location: 2F
1-1: Called Strike
1-2: Strikes out swinging
Batting: RHB Pedro Álvarez 0-0: Ball
1-0: Ball
2-0: Called Strike
2-1: Ball
3-1: Base on Balls
Arnold Giroux to second
Batting: RHB Steve Jones 0-0: Called Strike
0-1: Fly out, F8 (Flyball, 8LD)
Top of the 5th over - 0 runs, 1 hit, 0 errors, 3 left on base; Capital District 2 - Buckhead 0
BOTTOM OF THE 5TH
Buckhead Bowties batting - Pitching for Capital District Red Knights : LHP Myles Wilkerson
Batting: RHB Al Thomas 0-0: Ball
1-0: Called Strike
1-1: Called Strike
1-2: Ball
2-2: Foul Ball, location: 2F
2-2: Ball
3-2: TRIPLE (Line Drive, 89XD)
Batting: RHB Richard Jost 0-0: SINGLE (Line Drive, 78S)
Al Thomas scores
Batting: LHB José Valéncia 0-0: Bunt missed!
0-1: Bunted foul
0-2: Ball
1-2: DOUBLE (Flyball, 89D)
Richard Jost to third
Batting: RHB Kyle Vandenbrink 0-0: Ball
1-0: Ball
2-0: Ground out 6-3 (Groundball, 56)
Richard Jost scores
Batting: RHB Mike Burns 0-0: Ball
1-0: Called Strike
1-1: Ball
2-1: Ball
3-1: Base on Balls
Batting: RHB Mesa Altuve 0-0: Foul Ball, location: 2F
0-1: SINGLE (Groundball, 6M) (infield hit)
José Valéncia to third
Mike Burns to second
Batting: RHB Vojtech Farkas 0-0: Called Strike
0-1: Grounds into double play, 5-4-3 (Groundball, 5)
Bottom of the 5th over - 2 runs, 4 hits, 0 errors, 2 left on base; Capital District 2 - Buckhead 2
TOP OF THE 6TH
Capital District Red Knights batting - Pitching for Buckhead Bowties : RHP Martín Aguilar
Batting: RHB José Paz 0-0: Fly out, F7 (Flyball, 7D)
Batting: RHB Danilo Mosca 0-0: Ball
1-0: Ball
2-0: Ball
3-0: Base on Balls
Batting: LHB Arturo Hernández 0-0: Ball
1-0: Ball
2-0: Called Strike
2-1: Grounds into double play, 4-6-3 (Groundball, 4)
Top of the 6th over - 0 runs, 0 hits, 0 errors, 0 left on base; Capital District 2 - Buckhead 2
BOTTOM OF THE 6TH
Buckhead Bowties batting - Pitching for Capital District Red Knights : LHP Myles Wilkerson
Batting: RHB Freddy Carea 0-0: Fly out, F7 (Flyball, 7S)
Batting: RHB Todd Sentell 0-0: Fly out, F4 (Line Drive, 4)
Batting: RHB Al Thomas 0-0: Ball
1-0: Ball
2-0: Ball
3-0: Base on Balls
Batting: RHB Richard Jost 0-0: Ball
1-0: Called Strike
1-1: Swinging Strike
1-2: Ball
2-2: Ball
3-2: Strikes out swinging
Bottom of the 6th over - 0 runs, 0 hits, 0 errors, 1 left on base; Capital District 2 - Buckhead 2
TOP OF THE 7TH
Capital District Red Knights batting - Pitching for Buckhead Bowties : RHP Martín Aguilar
Batting: RHB Robert O'Connor 0-0: Called Strike
0-1: Ball
1-1: Foul Ball, location: 2F
1-2: Strikes out swinging
Pitching: RHP Kyle Buckman
Batting: RHB Mario Álvarez 0-0: Foul Ball, location: 2F
0-1: Ball
1-1: Ball
2-1: Swinging Strike
2-2: Foul Ball, location: 2F
2-2: Foul Ball, location: 2F
2-2: Strikes out looking
Batting: RHB Arnold Giroux 0-0: Foul Ball, location: 2F
0-1: Swinging Strike
0-2: Ball
1-2: Strikes out looking
Top of the 7th over - 0 runs, 0 hits, 0 errors, 0 left on base; Capital District 2 - Buckhead 2
BOTTOM OF THE 7TH
Buckhead Bowties batting - Pitching for Capital District Red Knights : LHP Myles Wilkerson
Batting: LHB José Valéncia 0-0: Foul Ball, location: 2F
0-1: Fly out, F3 (Popup, 34)
Batting: RHB Kyle Vandenbrink 0-0: Ball
1-0: Swinging Strike
1-1: Called Strike
1-2: Strikes out looking
Batting: RHB Mike Burns 0-0: Ball
1-0: Called Strike
1-1: Called Strike
1-2: Ball
2-2: Fly out, F6 (Line Drive, 6)
Bottom of the 7th over - 0 runs, 0 hits, 0 errors, 0 left on base; Capital District 2 - Buckhead 2
TOP OF THE 8TH
Capital District Red Knights batting - Pitching for Buckhead Bowties : RHP Kyle Buckman
Batting: RHB Brandon Cole 0-0: Ball
1-0: Foul Ball, location: 2F
1-1: Swinging Strike
1-2: Foul Ball, location: 2F
1-2: Strikes out swinging
Batting: RHB Pedro Álvarez 0-0: SINGLE (Flyball, 8RS)
Batting: RHB Steve Jones 0-0: Fly out, F7 (Flyball, 7)
Batting: RHB José Paz 0-0: Called Strike
0-1: Called Strike
0-2: Foul Ball, location: 2F
0-2: Ball
1-2: Ground out 6-3 (Groundball, 6S)
Top of the 8th over - 0 runs, 1 hit, 0 errors, 1 left on base; Capital District 2 - Buckhead 2
BOTTOM OF THE 8TH
Buckhead Bowties batting - Pitching for Capital District Red Knights : LHP Myles Wilkerson
Pinch Hitting: RHB Raúl Ruíz 0-0: Fly out, F6 (Popup, 6MD)
Batting: RHB Vojtech Farkas 0-0: Ball
1-0: Swinging Strike
1-1: Swinging Strike
1-2: Ball
2-2: Ball
3-2: Foul Ball, location: 2F
3-2: Fly out, F7 (Flyball, 7S)
Batting: RHB Freddy Carea 0-0: Called Strike
0-1: Ball
1-1: Called Strike
1-2: Foul Ball, location: 2F
1-2: Ball
2-2: Fly out, F7 (Flyball, 7LD)
Bottom of the 8th over - 0 runs, 0 hits, 0 errors, 0 left on base; Capital District 2 - Buckhead 2
TOP OF THE 9TH
Capital District Red Knights batting - Pitching for Buckhead Bowties : RHP Kyle Buckman
Now at 3B: Won-min Yi
Batting: RHB Danilo Mosca 0-0: Called Strike
0-1: Ball
1-1: Foul Ball, location: 2F
1-2: Ball
2-2: Foul Ball, location: 2F
2-2: Foul Ball, location: 2F
2-2: Strikes out swinging
Pitching: LHP Ramón Torres
Pinch Hitting: SHB Zuberi Mccray 0-0: Ball
1-0: Ground out 6-3 (Groundball, 6)
Batting: RHB Robert O'Connor 0-0: Ball
1-0: Swinging Strike
1-1: Fly out, F7 (Flyball, 78S)
Top of the 9th over - 0 runs, 0 hits, 0 errors, 0 left on base; Capital District 2 - Buckhead 2
BOTTOM OF THE 9TH
Buckhead Bowties batting - Pitching for Capital District Red Knights : LHP Myles Wilkerson
Now in CF: Leo Cadden
Batting: RHB Todd Sentell 0-0: Ball
1-0: Ball
2-0: Foul Ball, location: 2F
2-1: Foul Ball, location: 2F
2-2: SINGLE (Groundball, 4MD)
Pitching: LHP Miguel Toro
Batting: RHB Al Thomas 0-0: Ball
1-0: Called Strike
Todd Sentell steals 2nd base
1-1: Foul Ball, location: 2F
1-2: Ball
2-2: Strikes out looking
Batting: RHB Richard Jost 0-0: Intentional Walk
Batting: LHB José Valéncia 0-0: Ball
1-0: Grounds into double play, 4-6-3 (Groundball, 4D)
Bottom of the 9th over - 0 runs, 1 hit, 0 errors, 1 left on base; Capital District 2 - Buckhead 2
TOP OF THE 10TH
Capital District Red Knights batting - Pitching for Buckhead Bowties : LHP Ramón Torres
Batting: RHB Mario Álvarez 0-0: Ball
1-0: Ball
2-0: Called Strike
2-1: Foul Ball, location: 2F
2-2: Ground out 6-3 (Groundball, 6)
Batting: RHB Arnold Giroux 0-0: Ball
1-0: Foul Ball, location: 2F
1-1: Ball
2-1: Fly out, F8 (Line Drive, 78M)
Batting: RHB Brandon Cole 0-0: Foul Ball, location: 2F
0-1: Ball
1-1: Ball
2-1: Foul Ball, location: 2F
2-2: DOUBLE (Line Drive, 8RXD)
Batting: RHB Pedro Álvarez 0-0: Ground out 6-3 (Groundball, 6)
Top of the 10th over - 0 runs, 1 hit, 0 errors, 1 left on base; Capital District 2 - Buckhead 2
BOTTOM OF THE 10TH
Buckhead Bowties batting - Pitching for Capital District Red Knights : LHP Miguel Toro
Batting: RHB Kyle Vandenbrink 0-0: SINGLE (Line Drive, 8LS)
Batting: RHB Mike Burns 0-0: Ball
1-0: Foul Ball, location: 2F
1-1: Ball
2-1: Swinging Strike
2-2: Ball
3-2: Grounds into double play, 6-4-3 (Groundball, 6M)
Batting: RHB Won-min Yi 0-0: Swinging Strike
0-1: Swinging Strike
0-2: Ball
1-2: Strikes out swinging
Bottom of the 10th over - 0 runs, 1 hit, 0 errors, 0 left on base; Capital District 2 - Buckhead 2
TOP OF THE 11TH
Capital District Red Knights batting - Pitching for Buckhead Bowties : LHP Ramón Torres
Batting: RHB Steve Jones 0-0: Foul Ball, location: 2F
0-1: Ball
1-1: Foul Ball, location: 2F
1-2: Strikes out looking
Batting: RHB José Paz 0-0: Foul Ball, location: 2F
0-1: Ball
1-1: Ball
2-1: Called Strike
2-2: Ball
3-2: Ground out U3 (Groundball, 34S)
Batting: RHB Danilo Mosca 0-0: Ball
1-0: Ball
2-0: Ball
3-0: Called Strike
3-1: SOLO HOME RUN (Flyball, 9D), Distance : 370 ft
Batting: RHB Leo Cadden 0-0: Called Strike
0-1: Ball
1-1: Reached on error, E6 (Groundball, 6)
Batting: RHB Robert O'Connor 0-0: Foul Ball, location: 2F
0-1: Ball
1-1: Ball
2-1: Swinging Strike
2-2: Ball
3-2: Base on Balls
Leo Cadden to second
Batting: RHB Mario Álvarez 0-0: SINGLE (Line Drive, 6MD)
Leo Cadden to third
Robert O'Connor to second
Runner from 3rd tries for Home, SAFE, no throw
Batting: RHB Arnold Giroux 0-0: Ground out U3 (Groundball, 34S)
Top of the 11th over - 2 runs, 2 hits, 1 error, 2 left on base; Capital District 4 - Buckhead 2
BOTTOM OF THE 11TH
Buckhead Bowties batting - Pitching for Capital District Red Knights : LHP Miguel Toro
Pitching: RHP Bob Roth
Batting: RHB Vojtech Farkas 0-0: Ball
1-0: DOUBLE (Line Drive, 9LM)
Batting: RHB Freddy Carea 0-0: Called Strike
0-1: Fly out, F8 (Flyball, 8LD)
Batting: RHB Todd Sentell 0-0: Ground out U3 (Groundball, 3L)
Vojtech Farkas to third
Pinch Hitting: LHB Gregg Young 0-0: Foul Ball, location: 2F
0-1: Fly out, F8 (Flyball, 89M)
Bottom of the 11th over - 0 runs, 1 hit, 0 errors, 1 left on base; Capital District 4 - Buckhead 2
Tuesday, December 19th, 2017 - OOTP Baseball 18.8 Build 76